 Dungeon Crawl Stone Soup version 0.30-a0-715-gdb4ae3ece1 (webtiles) character file.

Game seed: 13226927488776433532

2869 boo the Cruncher (level 10, -3/76 HPs)
             Began as a Human Gladiator on Jan 23, 2023.
             Was an Initiate of Okawaru.
             Slain by a two-headed ogre
             ... wielding a +0 giant club
              (14 damage)
             ... on level 8 of the Dungeon.
             The game lasted 00:21:00 (7760 turns).

boo the Cruncher (Human Gladiator)                  Turns: 7760, Time: 00:21:00

Health: -3/76      AC: 12    Str: 16    XL:     10   Next: 4%
Magic:  0/10       EV: 13    Int: 11    God:    Okawaru [......]
Gold:   142        SH:  0    Dex: 15    Spells: 9/9 levels left

rFire   + . .      SeeInvis .    a - +0 quarterstaff
rCold   + . .      Faith    .    (shield currently unavailable)
rNeg    . . .      Spirit   +    G - +1 ring mail {rF+}
rPois   +          Reflect  .    c - +0 helmet
rElec   .          Harm     .    E - +0 cloak
rCorr   .          Rampage  .    x - +0 pair of gloves
Will    .....                    g - +0 pair of boots
Stlth   +                        j - amulet of guardian spirit
HPRegen 0.32/turn                o - ring of protection from cold
MPRegen 0.12/turn                C - ring of poison resistance

@: no status effects
A: no striking features
a: Renounce Religion


You were on level 8 of the Dungeon.
You worshipped Okawaru.
Okawaru was noncommittal.
You visited 2 branches of the dungeon, and saw 9 of its levels.
You also visited: Ossuary.

You collected 527 gold pieces.
You spent 385 gold pieces at shops.

Inventory:

Hand Weapons
 a - a +0 quarterstaff (weapon)
Missiles
 e - a javelin (quivered)
Armour
 c - a +0 helmet (worn)
 d - +0 steam dragon scales
 g - a +0 pair of boots (worn)
 x - a +0 pair of gloves (worn)
 E - a +0 cloak (worn)
 G - a +1 ring mail of fire resistance (worn)
Jewellery
 j - an amulet of guardian spirit (around neck)
 k - an amulet of the acrobat
 o - a ring of protection from cold (left hand)
 C - a ring of poison resistance (right hand)
Wands
 r - a wand of flame (30)
 D - a wand of polymorph (9)
 H - a wand of paralysis (3)
 Q - a wand of iceblast (11)
Scrolls
 b - a scroll of brand weapon
 f - 2 scrolls of immolation {unknown}
 m - 2 scrolls of silence
 q - a scroll of identify
 v - a scroll of butterflies {unknown}
 w - 2 scrolls of enchant armour
 y - a scroll of magic mapping {unknown}
 z - 2 scrolls of fear {unknown}
 A - 6 scrolls of teleportation
 B - 2 scrolls of amnesia
 O - a scroll of torment {unknown}
 P - a scroll of vulnerability {unknown}
 R - a scroll of enchant weapon {unknown}
Potions
 h - 5 potions of curing
 i - a potion of lignification {unknown}
 n - 4 potions of might
 p - 3 potions of flight
 s - 5 potions of mutation
 t - a potion of magic {unknown}
 u - 5 potions of haste
 F - a potion of berserk rage {unknown}
 I - 3 potions of degeneration {unknown}
 J - 2 potions of attraction
 K - a potion of resistance {unknown}
 L - a potion of cancellation {unknown}
 M - a potion of brilliance {unknown}
 N - 3 potions of heal wounds


   Skills:
 + Level 6.1 Fighting
 * Level 9.0 Staves
 - Level 2.0 Throwing
 + Level 5.6 Armour
 + Level 6.6 Dodging


You had 9 spell levels left.
You didn't know any spells.
Your spell library contained the following spells:

 Spells                   Type           Power      Damage    Failure   Level
 Kiss of Death            Conj/Necr      0%         2d5       54%         1
 Magic Dart               Conj           0%         1d3       54%         1
 Ensorcelled Hibernation  Hex/Ice        0%         N/A       67%         2
 Passwall                 Tmut/Erth      0%         N/A       67%         2
 Searing Ray              Conj           0%         2d4       67%         2
 Confusing Touch          Hex            0%         N/A       88%         3
 Inner Flame              Hex/Fire       0%         N/A       88%         3
 Swiftness                Air            0%         N/A       88%         3
 Dispel Undead            Necr           0%         3d6       99%         4
 Flame Wave               Conj/Fire      0%         2d4       99%         4
 Fulminant Prism          Conj/Hex       0%         3d5       99%         4
 Sticky Flame             Conj/Fire      0%         2d3       99%         4


Dungeon Overview and Level Annotations

Branches:
Dungeon (8/15)             Temple (1/1) D:7         Ossuary (visited)
   Lair: D:8-11

Altars:
Ashenzari
Okawaru
Qazlal
Ru
Sif Muna
Vehumet
Xom
Yredelemnul

Shops:
D:2 (   D:3 ![=   D:4 (*[((

Annotations:
D:4 exclusion: downstairs


Message History

The silver javelin pierces through the two-headed ogre but does no damage.
The two-headed ogre is lightly wounded.
Throw: 2 javelins (silver)
Press: ? - help, Q - select action, (/) - cycle Shift-Dir - straight line, f/p - two-headed ogre
Aim: a two-headed ogre, wielding a +0 giant club and a +0 giant spiked club (lightly wounded, 77% to hit)
You throw a silver javelin.
The silver javelin pierces through the two-headed ogre.
The two-headed ogre is lightly wounded.
Throw: javelin (silver)
Press: ? - help, Q - select action, (/) - cycle Shift-Dir - straight line, f/p - two-headed ogre
Aim: a two-headed ogre, wielding a +0 giant club and a +0 giant spiked club (lightly wounded, 77% to hit)
You throw a silver javelin.
The silver javelin pierces through the two-headed ogre.
The two-headed ogre is moderately wounded.
The two-headed ogre attacks as you move away!
The two-headed ogre hits you but does no damage.
The two-headed ogre hits you with a +0 giant spiked club.
The two-headed ogre hits you with a +0 giant club!!
The two-headed ogre hits you with a +0 giant spiked club!!
You barely miss the two-headed ogre.
The two-headed ogre is lightly wounded.
The two-headed ogre misses you.
The two-headed ogre hits you with a +0 giant spiked club!!
* * * LOW HITPOINT WARNING * * *
You hit the two-headed ogre.
The two-headed ogre is moderately wounded.
You sock the two-headed ogre!
The two-headed ogre is heavily wounded.
The two-headed ogre closely misses you. The two-headed ogre barely misses you.
You barely miss the two-headed ogre.
The two-headed ogre is heavily wounded.
You hit the two-headed ogre.
The two-headed ogre is heavily wounded.
The two-headed ogre closely misses you.
The two-headed ogre hits you with a +0 giant spiked club!
* * * LOW HITPOINT WARNING * * *
You hit the two-headed ogre but do no damage.
The two-headed ogre is heavily wounded.
The two-headed ogre hits you with a +0 giant club!
You die...

..#.#)##.. ... #.#
##'.#....###.. #.# ....#.#..#
#..##.# ####'.##.# #..##.#
.........# #..##.########
########.###............#
##.#.##..##.#.....##
##.###.#..##.#.=....# #.##
##.<...@O......#
##.###.#)#####.?....# ####
#...#..).# ###...## ...#
#.##.#.))### #...# #..#
#.##....)..######.## #..##
#.##.............(.# .....
#.##...<†.........(## #..#
##.##.#.............(#####..#
..........#######.....>...O.#


You could see a two-headed ogre.

Vanquished Creatures
  Prince Ribbit (D:8)
  A steam dragon (D:7)
  Duvessa (D:7)
  2 water moccasins
  An ice beast (D:7)
  A sky beast (D:6)
  An ogre (D:4)
  A centaur (D:6)
  4 phantoms
  A kobold brigand (D:8)
  3 necrophages
  A bullfrog (D:7)
  2 scorpions
  Dowan (D:7)
  2 howler monkeys
  A human zombie (Ossuary)
  2 hounds
  An orc priest (D:7)
  4 centaur zombies (Ossuary)
  Crazy Yiuf (D:5)
  A gnoll bouda (D:6)
  An iguana (D:5)
  6 orc wizards
  Terence (D:3)
  An ogre zombie (Ossuary)
  8 mummies
  16 gnolls
  9 adders
  A shadow imp (D:5)
  A white imp (D:8)
  4 ufetubi
  9 adder zombies (Ossuary)
  A worm (D:2)
  2 dart slugs
  23 orcs
  3 endoplasms
  3 giant cockroaches (D:4)
  5 goblins
  A hobgoblin (D:2)
  5 quokkas
  6 ball pythons
  3 bats
  A frilled lizard (D:3)
  3 goblin zombies
  A hobgoblin zombie (D:7)
  9 kobolds
  3 kobold zombies (Ossuary)
  7 quokka zombies (Ossuary)
  4 rats
  3 rat zombies (Ossuary)
173 creatures vanquished.

Vanquished Creatures (others)
  7 plants (D:8)
7 creatures vanquished.

Grand Total: 180 creatures vanquished

Notes
Turn   | Place    | Note
-------+----------+-------------------------------------------
     0 | D:1      | boo the Human Gladiator began the quest for the Orb.
     0 | D:1      | Reached XP level 1. HP: 16/16 MP: 1/1
   483 | D:1      | Reached XP level 2. HP: 22/22 MP: 2/2
   873 | D:2      | Found Wook Higot's Antique Weapon Boutique.
   915 | D:2      | Reached skill level 1 in Armour
   915 | D:2      | Reached XP level 3. HP: 22/27 MP: 1/3
  1095 | D:2      | Reached XP level 4. HP: 34/34 MP: 4/4
  1439 | D:3      | Reached skill level 4 in Staves
  1599 | D:3      | Found Ohig's Distillery.
  1607 | D:3      | Bought a potion of heal wounds for 70 gold pieces
  1607 | D:3      | Bought a potion of curing for 42 gold pieces
  1607 | D:3      | Bought a potion of heal wounds for 70 gold pieces
  1662 | D:3      | Found Teovy's Armour Boutique.
  1697 | D:3      | Found Ullumaeq's Jewellery Boutique.
  2059 | D:3      | Noticed Terence
  2070 | D:3      | Killed Terence
  2071 | D:3      | Reached XP level 5. HP: 33/40 MP: 5/5
  2163 | D:4      | Found Achaoj's Assorted Antiques.
  2170 | D:4      | Found Olijugi's Weapon Boutique.
  2203 | D:4      | Noticed a phantom
  2221 | D:4      | Killed a phantom
  2222 | D:4      | Reached XP level 6. HP: 37/47 MP: 3/6
  2380 | D:4      | Noticed an ogre
  2391 | D:4      | Killed an ogre
  2392 | D:4      | Reached skill level 5 in Staves
  2579 | D:4      | Found Potorigeo's Antique Armour Emporium.
  2726 | D:4      | Found a sacrificial altar of Ru.
  2769 | D:4      | Found Ockaqoj's Weapon Boutique.
  2838 | D:4      | Reached XP level 7. HP: 40/52 MP: 4/7
  2882 | D:4      | Found Kaghuus's Weapon Shoppe.
  2928 | D:4      | Found a shimmering altar of Xom.
  3061 | D:5      | Entered Level 5 of the Dungeon
  3580 | D:5      | Reached skill level 6 in Staves
  3729 | D:5      | Reached XP level 8. HP: 59/60 MP: 6/8
  4128 | D:5      | Found a runed translucent door.
  4129 | D:5      | Noticed Crazy Yiuf
  4250 | D:5      | Killed Crazy Yiuf
  4521 | D:6      | Reached skill level 5 in Dodging
  4716 | D:6      | Reached skill level 7 in Staves
  4746 | D:6      | Reached XP level 9. HP: 31/67 MP: 2/9
  4965 | D:6      | Reached skill level 5 in Fighting
  5444 | D:7      | Found a shimmering blue altar of Sif Muna.
  5581 | D:7      | Found a sand-covered staircase.
  5585 | Ossuary  | Entered an ossuary
  5934 | Ossuary  | Reached skill level 8 in Staves
  6416 | D:4      | Bought a glowing ring mail for 203 gold pieces
  6482 | D:7      | Reached skill level 5 in Armour
  6807 | D:7      | Noticed Duvessa
  6832 | D:7      | Noticed Dowan
  6848 | D:7      | Killed Duvessa
  6865 | D:7      | Killed Dowan
  6993 | D:7      | Found a staircase to the Ecumenical Temple.
  7008 | Temple   | Entered the Ecumenical Temple
  7020 | Temple   | Became a worshipper of Warmaster Okawaru
  7318 | D:8      | Noticed Prince Ribbit
  7532 | D:8      | Killed Prince Ribbit
  7533 | D:8      | Reached XP level 10. HP: 54/76 MP: 6/10
  7632 | D:8      | Reached skill level 9 in Staves
  7733 | D:8      | Noticed a two-headed ogre
  7760 | D:8      | Slain by a two-headed ogre

Illustrated notes

Levels and vault maps discovered:
D:1:      dpeg_arrival_signposts, layout_loops_ring
D:2:      layout_rooms, serial_shops, shop, serial_corexii_hall,
          chequers_hall_statues_y, chequers_hall_statues_corner_a
D:3:      layout_basic, serial_shops, shop, nicolae_shop_behind_doors, shop,
          uniq_terence
D:4:      layout_gridville, mainiacjoe_overflow_alcove_1,
          nicolae_overflow_crystal_walls, serial_shops, nicolae_shop_stone,
          shop, shop, nicolae_shop_stone, shop_fountains, grunt_decor_fettered
D:5:      layout_basic, uniq_crazy_yiuf_cottage
D:6:      layout_loops_ring
D:7:      layout_loops_cross, overflow_temple_1_default,
          minmay_temple_entry_purple_smoke, nicolae_ossuary_entry_giza,
          uniq_duvessa
D:8:      layout_loops_ring, lemuel_coloured_pillars_altar,
          makhleb_altar_promises_db, grunt_lair_entry_orc_guard_hut,
          ebering_ghost_rock_garden, chequers_serial_rivers_marsh,
          fungi_pond_lemuel, minivault_11, nicolae_shop_clearance, uniq_grum,
          uniq_prince_ribbit1
Temple:   nicolae_temple_god_jail

Skill      XL: |  1  2  3  4  5  6  7  8  9 10 |
---------------+-------------------------------+-----
Armour         | 1 2 3 4 5 |  5.6
Staves         | 4 5 6 7 8 9 |  9.0
Fighting       | 3 4 6 |  6.1
Dodging        | 4 5 6 |  6.6
Throwing       | |  2.0

Action                     |  1- 3 |  4- 6 |  7- 9 | 10-12 || total
---------------------------+-------+-------+-------+-------++-------
  Melee: Quarterstaff      |    65 |   117 |   629 |    20 ||   831
  Throw: Throwing net      |       |     2 |     2 |       ||     4
         Javelin           |       |       |     1 |     3 ||     4
    Use: Scroll            |       |       |    12 |       ||    12
         Potion            |       |       |     3 |       ||     3
   Stab: Held in net/web   |       |       |     2 |       ||     2
 Armour: Leather armour    |    17 |       |       |       ||    17
         Ring mail         |     2 |    46 |   235 |     7 ||   290
  Dodge: Dodged            |    41 |    44 |   336 |    10 ||   431

Table legend: (Time is in decaauts)
 A = Elapsed time spent in this place.
 B = Non-inter-level travel time spent in this place.
 C = Inter-level travel time spent in this place.
 D = Time resting spent in this place.
 E = Time spent auto-exploring this place.
 F = Levels seen in this place.
 G = Mean time per level.
                   A        B        C        D        E       F      G
               +--------+--------+--------+--------+--------+-----+--------+
         Total |   7726 |   7369 |    357 |   1086 |   4460 |  10 |  772.6 |
       Dungeon |   6945 |   6588 |    357 |    980 |   4196 |   8 |  868.1 |
        Temple |     21 |     21 |      0 |      0 |      2 |   1 |   21.0 |
       Ossuary |    759 |    759 |      0 |    106 |    262 |   1 |  759.0 |
               +--------+--------+--------+--------+--------+-----+--------+

Top non-repeatable levels by time:
     D:5: 1289 daAuts
     D:7: 1233 daAuts
     D:6: 1004 daAuts
     D:4: 980 daAuts
     D:3: 781 daAuts
     D:1: 767 daAuts
 Ossuary: 759 daAuts
     D:2: 626 daAuts
     D:8: 261 daAuts
  Temple: 21 daAuts
